TOP OF THE 1ST |
---|
Key West Barracudas batting - Pitching for Santa Fe Diablos : RHP Juan Mesa | Pitching: RHP Juan Mesa | | Batting: RHB Anastasio Zartuche | 0-0: Ground out 6-3 (Groundball, 6M) | Batting: RHB Chris Adams | 0-0: Foul Ball, location: 2F 0-1: Ball 1-1: Foul Ball, location: 2F 1-2: SINGLE (Groundball, 6D) | Batting: SHB José Espinoza | 0-0: Ball 1-0: Fielders Choice at 2nd, 4-6 (Groundball, 4) | Batting: LHB Juan Lima | 0-0: Ball 1-0: Ball 2-0: Ball 3-0: Base on Balls José Espinoza to second | Batting: SHB Júlio Ayala | 0-0: Ball 1-0: 3-RUN HOME RUN (Line Drive, 9LD), Distance : 322 ft | Batting: LHB Mauro Díaz | 0-0: Swinging Strike 0-1: Ball 1-1: Ball 2-1: Ball 3-1: Foul Ball, location: 2F 3-2: Base on Balls | Batting: LHB Domingo Ledesma | 0-0: Foul Ball, location: 2F 0-1: Swinging Strike 0-2: Ball 1-2: Foul Ball, location: 2F 1-2: Ball 2-2: Strikes out looking | Top of the 1st over - 3 runs, 2 hits, 0 errors, 1 left on base; Key West 3 - Santa Fe 0 | BOTTOM OF THE 1ST |
---|
Santa Fe Diablos batting - Pitching for Key West Barracudas : RHP Kade Coleman | Pitching: RHP Kade Coleman | | Batting: SHB Ángel Díaz | 0-0: Ball 1-0: Ball 2-0: Ball 3-0: Base on Balls | Batting: LHB David Hernández | 0-0: Called Strike Ángel Díaz steals 2nd base 0-1: Foul Ball, location: 2F 0-2: Ball 1-2: Ball 2-2: Strikes out looking | Batting: LHB Merrill Erickson | 0-0: Foul Ball, location: 2F 0-1: Foul Ball, location: 2F 0-2: Ball 1-2: Foul Ball, location: 2F 1-2: Ball 2-2: Foul Ball, location: 2F 2-2: SINGLE (Groundball, 4D) Ángel Díaz to third Runner from 3rd tries for Home, SAFE, no throw | Batting: RHB Flint Todd | 0-0: Ball 1-0: Called Strike 1-1: Ball 2-1: SINGLE (Flyball, 89S) Merrill Erickson to second Runner from 2nd tries for 3rd, SAFE, no throw | Batting: LHB Luis Torres | 0-0: Ball 1-0: Foul Ball, location: 2F 1-1: Ball 2-1: Ball 3-1: Fly out, F7 (Flyball, 7) Runner from 3rd tags up, SCORES, throw made | Batting: LHB Michael Barrett | 0-0: Ball 1-0: Ball Flint Todd steals 2nd base 2-0: Ground out 5-3 (Groundball, 56) | Bottom of the 1st over - 2 runs, 2 hits, 0 errors, 1 left on base; Key West 3 - Santa Fe 2 | TOP OF THE 2ND |
---|
Key West Barracudas batting - Pitching for Santa Fe Diablos : RHP Juan Mesa | Batting: SHB Eric Pimentel | 0-0: Called Strike 0-1: Foul Ball, location: 2F 0-2: Ball 1-2: Ground out 5-3 (Groundball, 5) | Batting: LHB Motoki Hirata | 0-0: Called Strike 0-1: Fly out, F9 (Flyball, 9) | Batting: RHB Anastasio Zartuche | 0-0: Ball 1-0: Swinging Strike 1-1: Called Strike 1-2: SINGLE (Groundball, 6MD) | Batting: RHB Chris Adams | 0-0: Foul Ball, location: 2F 0-1: Ball 1-1: Ball 2-1: Ball 3-1: Fielders Choice at 2nd, 6-4 (Groundball, 6) | Top of the 2nd over - 0 runs, 1 hit, 0 errors, 1 left on base; Key West 3 - Santa Fe 2 | BOTTOM OF THE 2ND |
---|
Santa Fe Diablos batting - Pitching for Key West Barracudas : RHP Kade Coleman | Batting: RHB Mike Martin | 0-0: Ball 1-0: Called Strike 1-1: Reached on error, E6 (Groundball, 6) | Batting: RHB Eliot James | 0-0: Ball 1-0: Foul Ball, location: 2F 1-1: Called Strike 1-2: Foul Ball, location: 2F 1-2: Foul Ball, location: 2F 1-2: Ball 2-2: Foul Ball, location: 2F 2-2: Ball 3-2: Foul Ball, location: 2F 3-2: Foul Ball, location: 2F 3-2: Base on Balls Mike Martin to second | Batting: RHB Todd Oliver | 0-0: Ball 1-0: Ball 2-0: Ball 3-0: Called Strike 3-1: Called Strike 3-2: Foul Ball, location: 2F 3-2: Fly out, F6 (Line Drive, 6) | Batting: SHB Ángel Díaz | 0-0: Ball 1-0: Foul Ball, location: 2F 1-1: Foul Ball, location: 2F 1-2: SINGLE (Groundball, 6D) Mike Martin to third Eliot James to second Runner from 3rd tries for Home, SAFE, throw made home | Batting: LHB David Hernández | 0-0: Foul Ball, location: 2F 0-1: Ball 1-1: Ball 2-1: Fly out, F8 (Flyball, 8RM) | Batting: LHB Merrill Erickson | 0-0: Ball 1-0: Ball 2-0: SINGLE (Line Drive, 7S) Eliot James to third Ángel Díaz to second Runner from 3rd tries for Home, SAFE, no throw | Batting: RHB Flint Todd | 0-0: Foul Ball, location: 2F 0-1: Ball 1-1: Fly out, F7 (Flyball, 7LS) | Bottom of the 2nd over - 2 runs, 2 hits, 1 error, 2 left on base; Key West 3 - Santa Fe 4 | TOP OF THE 3RD |
---|
Key West Barracudas batting - Pitching for Santa Fe Diablos : RHP Juan Mesa | Batting: SHB José Espinoza | 0-0: Foul Ball, location: 2F 0-1: Ball 1-1: Fly out, F7 (Flyball, 7LM) | Batting: LHB Juan Lima | 0-0: Ball 1-0: Ball 2-0: Foul Ball, location: 2F 2-1: Ball 3-1: Foul Ball, location: 2F 3-2: Foul Ball, location: 2F 3-2: Base on Balls | Batting: SHB Júlio Ayala | 0-0: Ball 1-0: Ball 2-0: Ball 3-0: Called Strike 3-1: Foul Ball, location: 2F 3-2: Foul Ball, location: 2F 3-2: Strikes out looking | Batting: LHB Mauro Díaz | 0-0: Ball 1-0: Called Strike 1-1: Fly out, F9 (Flyball, 9LM) | Top of the 3rd over - 0 runs, 0 hits, 0 errors, 1 left on base; Key West 3 - Santa Fe 4 | BOTTOM OF THE 3RD |
---|
Santa Fe Diablos batting - Pitching for Key West Barracudas : RHP Kade Coleman | Batting: LHB Luis Torres | 0-0: Foul Ball, location: 2F 0-1: Ground out 4-3 (Groundball, 4) | Batting: LHB Michael Barrett | 0-0: Fly out, F8 (Flyball, 8RS) | Batting: RHB Mike Martin | 0-0: Swinging Strike 0-1: Ball 1-1: Swinging Strike 1-2: Strikes out swinging | Bottom of the 3rd over - 0 runs, 0 hits, 0 errors, 0 left on base; Key West 3 - Santa Fe 4 | TOP OF THE 4TH |
---|
Key West Barracudas batting - Pitching for Santa Fe Diablos : RHP Juan Mesa | Batting: LHB Domingo Ledesma | 0-0: Ball 1-0: Ground out 3-1 (Groundball, 34) | Batting: SHB Eric Pimentel | 0-0: Called Strike 0-1: Called Strike 0-2: Ground out 5-3 (Groundball, 56) | Batting: LHB Motoki Hirata | 0-0: Ball 1-0: DOUBLE (Groundball, 3L) | Batting: RHB Anastasio Zartuche | 0-0: Ball 1-0: Ball 2-0: Foul Ball, location: 2F 2-1: Ball 3-1: Foul Ball, location: 2F 3-2: Fly out, F7 (Flyball, 7LS) | Top of the 4th over - 0 runs, 1 hit, 0 errors, 1 left on base; Key West 3 - Santa Fe 4 | BOTTOM OF THE 4TH |
---|
Santa Fe Diablos batting - Pitching for Key West Barracudas : RHP Kade Coleman | Batting: RHB Eliot James | 0-0: Ball 1-0: Foul Ball, location: 2F 1-1: Ground out 4-3 (Groundball, 4) | Batting: RHB Todd Oliver | 0-0: Called Strike 0-1: Ball 1-1: Ball 2-1: Swinging Strike 2-2: Ground out 5-3 (Groundball, 56) | Batting: SHB Ángel Díaz | 0-0: SINGLE (Groundball, 4MD) | Pitching: RHP Bob Schneider | | Batting: LHB David Hernández | 0-0: Ball 1-0: Called Strike 1-1: Ball 2-1: Swinging Strike 2-2: Ball 3-2: Strikes out swinging | Bottom of the 4th over - 0 runs, 1 hit, 0 errors, 1 left on base; Key West 3 - Santa Fe 4 | TOP OF THE 5TH |
---|
Key West Barracudas batting - Pitching for Santa Fe Diablos : RHP Juan Mesa | Batting: RHB Chris Adams | 0-0: Ground out 4-3 (Groundball, 4) | Batting: SHB José Espinoza | 0-0: Called Strike 0-1: Ground out 4-3 (Groundball, 4) | Batting: LHB Juan Lima | 0-0: Called Strike 0-1: Ball 1-1: Ball 2-1: Foul Ball, location: 2F 2-2: Ball 3-2: Ground out 4-3 (Groundball, 4) | Top of the 5th over - 0 runs, 0 hits, 0 errors, 0 left on base; Key West 3 - Santa Fe 4 | BOTTOM OF THE 5TH |
---|
Santa Fe Diablos batting - Pitching for Key West Barracudas : RHP Bob Schneider | Batting: LHB Merrill Erickson | 0-0: Ball 1-0: Ball 2-0: Called Strike 2-1: DOUBLE (Flyball, 8RXD) | Batting: RHB Flint Todd | 0-0: Ball 1-0: Called Strike 1-1: Fly out, F6 (Line Drive, 6) | Batting: LHB Luis Torres | 0-0: Foul Ball, location: 2F 0-1: Ball 1-1: Ground out 4-3 (Groundball, 4) Merrill Erickson to third | Batting: LHB Michael Barrett | 0-0: Foul Ball, location: 2F 0-1: Foul Ball, location: 2F 0-2: Ball 1-2: Foul Ball, location: 2F 1-2: Strikes out swinging | Bottom of the 5th over - 0 runs, 1 hit, 0 errors, 1 left on base; Key West 3 - Santa Fe 4 | TOP OF THE 6TH |
---|
Key West Barracudas batting - Pitching for Santa Fe Diablos : RHP Juan Mesa | Batting: SHB Júlio Ayala | 0-0: Ball 1-0: Foul Ball, location: 2F 1-1: Foul Ball, location: 2F 1-2: Ball 2-2: SINGLE (Flyball, 7LS) | Batting: LHB Mauro Díaz | 0-0: Called Strike 0-1: Ball 1-1: Foul Ball, location: 2F 1-2: Ball 2-2: Fly out, F7 (Flyball, 7LM) | Batting: LHB Domingo Ledesma | 0-0: Called Strike 0-1: Ball 1-1: SINGLE (Line Drive, 3D) Júlio Ayala to second | Batting: SHB Eric Pimentel | 0-0: Ball 1-0: Ball 2-0: Ball 3-0: Called Strike 3-1: Base on Balls Júlio Ayala to third Domingo Ledesma to second | Pitching: RHP Tomás Marte | | Batting: LHB Motoki Hirata | 0-0: Grounds into fielders choice 3-2 (Groundball, 34S) Domingo Ledesma to third Eric Pimentel to second | Batting: RHB Anastasio Zartuche | 0-0: Called Strike 0-1: DOUBLE (Line Drive, 78D) Domingo Ledesma scores Eric Pimentel scores Motoki Hirata to third Runner from 3rd tries for Home, SAFE, no throw | Batting: RHB Chris Adams | 0-0: Fly out, F9 (Flyball, 9S) | Top of the 6th over - 3 runs, 3 hits, 0 errors, 1 left on base; Key West 6 - Santa Fe 4 | BOTTOM OF THE 6TH |
---|
Santa Fe Diablos batting - Pitching for Key West Barracudas : RHP Bob Schneider | Batting: RHB Mike Martin | 0-0: Foul Ball, location: 2F 0-1: Ball 1-1: Swinging Strike 1-2: Ball 2-2: Ball 3-2: Foul Ball, location: 2F 3-2: Strikes out looking | Batting: RHB Eliot James | 0-0: Ball 1-0: Ball 2-0: Ball 3-0: Foul Ball, location: 2F 3-1: Base on Balls | Batting: RHB Todd Oliver | 0-0: Ball 1-0: Foul Ball, location: 2F 1-1: Ball 2-1: Foul Ball, location: 2F 2-2: Strikes out swinging | Batting: SHB Ángel Díaz | 0-0: Ball 1-0: Ground out 5-3 (Groundball, 5S) | Bottom of the 6th over - 0 runs, 0 hits, 0 errors, 1 left on base; Key West 6 - Santa Fe 4 | TOP OF THE 7TH |
---|
Key West Barracudas batting - Pitching for Santa Fe Diablos : RHP Tomás Marte | Batting: SHB José Espinoza | 0-0: Ball 1-0: Foul Ball, location: 2F 1-1: Foul Ball, location: 2F 1-2: Strikes out swinging | Pitching: LHP Juan Parrot | | Batting: LHB Juan Lima | 0-0: Called Strike 0-1: Swinging Strike 0-2: SINGLE (Flyball, 89M) | Pitching: RHP Pablo Ortíz | | Batting: SHB Júlio Ayala | 0-0: Ball 1-0: Ball 2-0: Ball Passed Ball! Juan Lima to second 3-0: Base on Balls | Batting: LHB Mauro Díaz | 0-0: Ball 1-0: Called Strike 1-1: Ball 2-1: Foul Ball, location: 2F 2-2: Foul Ball, location: 2F 2-2: Ball 3-2: Base on Balls Juan Lima to third Júlio Ayala to second | Batting: LHB Domingo Ledesma | 0-0: Ball 1-0: Fly out, F7 (Flyball, 7D) Runner from 3rd tags up, SCORES, throw made | Batting: SHB Eric Pimentel | 0-0: Ball 1-0: Fly out, F6 (Popup, 4MS) | Top of the 7th over - 1 run, 1 hit, 0 errors, 2 left on base; Key West 7 - Santa Fe 4 | BOTTOM OF THE 7TH |
---|
Santa Fe Diablos batting - Pitching for Key West Barracudas : RHP Bob Schneider | Batting: LHB David Hernández | 0-0: SOLO HOME RUN (Line Drive, 9LD), Distance : 338 ft | Batting: LHB Merrill Erickson | 0-0: Foul Ball, location: 2F 0-1: Ball 1-1: Ball 2-1: Swinging Strike 2-2: Foul Ball, location: 2F 2-2: Fly out, F8 (Flyball, 8RM) | Batting: RHB Flint Todd | 0-0: Ball 1-0: Ball 2-0: Called Strike 2-1: SOLO HOME RUN (Flyball, 7LD), Distance : 320 ft | Batting: LHB Luis Torres | 0-0: Foul Ball, location: 2F 0-1: Swinging Strike 0-2: Ball 1-2: Ball 2-2: Foul Ball, location: 2F 2-2: Foul Ball, location: 2F 2-2: Foul Ball, location: 2F 2-2: Ball 3-2: Strikes out swinging | Batting: LHB Michael Barrett | 0-0: Ball 1-0: Ball 2-0: Called Strike 2-1: Ground out 4-3 (Groundball, 4) | Bottom of the 7th over - 2 runs, 2 hits, 0 errors, 0 left on base; Key West 7 - Santa Fe 6 | TOP OF THE 8TH |
---|
Key West Barracudas batting - Pitching for Santa Fe Diablos : RHP Pablo Ortíz | Batting: LHB Motoki Hirata | 0-0: DOUBLE (Flyball, 8LD) | Batting: RHB Anastasio Zartuche | 0-0: Intentional Walk | Batting: RHB Chris Adams | 0-0: Called Strike 0-1: Ball 1-1: Ball 2-1: Called Strike 2-2: Strikes out swinging | Batting: SHB José Espinoza | 0-0: Ball 1-0: Fielders Choice at 2nd, 6-4 (Groundball, 6) Motoki Hirata to third | Batting: LHB Juan Lima | 0-0: Called Strike 0-1: Ball 1-1: Foul Ball, location: 2F 1-2: Strikes out swinging | Top of the 8th over - 0 runs, 1 hit, 0 errors, 2 left on base; Key West 7 - Santa Fe 6 | BOTTOM OF THE 8TH |
---|
Santa Fe Diablos batting - Pitching for Key West Barracudas : RHP Bob Schneider | Batting: RHB Mike Martin | 0-0: Called Strike 0-1: Swinging Strike 0-2: SINGLE (Groundball, 56D) | Pitching: RHP Gabe Lewis | | Batting: RHB Eliot James | 0-0: Foul Ball, location: 2F 0-1: Foul Ball, location: 2F 0-2: SINGLE (Flyball, 8RS) Mike Martin to second | Pinch Hitting: RHB Ray Ervin | 0-0: Called Strike 0-1: Called Strike 0-2: Ball 1-2: Foul Ball, location: 2F 1-2: Ball 2-2: Ball 3-2: Foul Ball, location: 2F 3-2: Base on Balls Mike Martin to third Eliot James to second | Pitching: RHP Dale Polk | | Batting: SHB Ángel Díaz | 0-0: Ball 1-0: Called Strike 1-1: Ball 2-1: Ball 3-1: Base on Balls Mike Martin scores Eliot James to third Ray Ervin to second | Batting: LHB David Hernández | 0-0: Ball 1-0: Fly out, F9 (Flyball, 9S) | Batting: LHB Merrill Erickson | 0-0: Called Strike 0-1: Ball 1-1: Fly out, F9 (Flyball, 9D) Runner from 3rd tags up, SCORES, no throw | Pinch Hitting: LHB Arturo Rodledo | 0-0: Called Strike 0-1: Ground out 4-3 (Groundball, 34D) | Bottom of the 8th over - 2 runs, 2 hits, 0 errors, 2 left on base; Key West 7 - Santa Fe 8 | TOP OF THE 9TH |
---|
Key West Barracudas batting - Pitching for Santa Fe Diablos : RHP Pablo Ortíz | Pitching: RHP Héctor Rodríguez | | Now at 1B: Arturo Rodledo | | Now at 2B: Frank Martínez | | Now in LF: Félix Campos | | Batting: SHB Júlio Ayala | 0-0: Called Strike 0-1: DOUBLE (Line Drive, 89D) | Batting: LHB Mauro Díaz | 0-0: Foul Ball, location: 2F 0-1: Called Strike 0-2: Strikes out looking | Batting: LHB Domingo Ledesma | 0-0: Foul Ball, location: 2F 0-1: Fly out, F4 (Line Drive, 4) Lined into DP, 4-6 (Line Drive, 4) | Top of the 9th over - 0 runs, 1 hit, 0 errors, 0 left on base; Key West 7 - Santa Fe 8 | |